 Dungeon Crawl Stone Soup version 0.28.0-53-g5a82cb258f (webtiles) character file.

Game seed: 17607572475242173695

438 buhh the Vexing (level 7, -4/55 HPs)
             Began as a Formicid Arcane Marksman on June 21, 2022.
             Slain by a centaur
             ... wielding a +0 dagger
              (7 damage)
             ... on level 3 of the Dungeon.
             The game lasted 00:09:17 (5692 turns).

buhh the Vexing (Formicid Arcane Marksman)          Turns: 5692, Time: 00:09:17

Health: -4/55      AC:  2    Str: 12 (15) XL:     7   Next: 21%
Magic:  7/8        EV: 12    Int: 12 (14) God:
Gold:   108        SH:  0    Dex: 16 (17) Spells: 7/8 levels left

rFire   + . .      SeeInvis +   b - +9 quick blade of Atekupabe {flame, rF+ rC+ Str-2 Dex+6}
rCold   + . .      Faith    .   (no shield)
rNeg    . . .      Spirit   .   d - +0 robe
rPois   .          Reflect  .   (helmet unavailable)
rElec   .          Harm     .   (no cloak)
rCorr   .          Rampage  .   (no gloves)
Will    .....                   (no boots)
Stlth   +.........              (no amulet)
HPRegen 0.18/turn               (no ring)
MPRegen 0.11/turn               (no ring)

@: no status effects
A: permanent stasis, dig shafts and tunnels, antennae 3, four strong arms, beak,
strong 1
a: Dig, Shaft Self


You were on level 3 of the Dungeon.
You visited 1 branch of the dungeon, and saw 4 of its levels.

You collected 108 gold pieces.

Inventory:

Hand Weapons
 a - a +0 hand crossbow
 b - the +9 quick blade of Atekupabe (weapon) {flame, rF+ rC+ Str-2 Dex+6}
   (You acquired it on level 1 of the Dungeon)

   It burns those it strikes, dealing additional fire damage.
   Str:       It affects your strength (-2).
   Dex:       It affects your dexterity (+6).
   rF:        It protects you from fire.
   rC:        It protects you from cold.
 e - a +0 dagger
Missiles
 c - 21 bolts
 k - 3 poisoned darts
Armour
 d - a +0 robe (worn)
Scrolls
 g - a scroll of summoning {unknown}
 h - a scroll of noise {unknown}
 i - a scroll of amnesia {unknown}
 l - a scroll of enchant armour {unknown}
 t - a scroll of teleportation {!d}
Potions
 K - a potion of brilliance {!q!d}


   Skills:
 + Level 4.4 Fighting
 + Level 2.5 Short Blades
 + Level 4.4 Crossbows
 - Level 1.7 Dodging
 - Level 1.1 Spellcasting
 - Level 5.0 Hexes


You had 7 spell levels left.
You knew the following spells:

 Your Spells              Type           Power      Damage    Failure   Level
a - Slow                  Hex            48%        N/A       3%          1

Your spell library contained the following spells:

 Spells                   Type           Power      Damage    Failure   Level
 Inner Flame              Hex/Fire       6%         N/A       32%         3
 Portal Projectile        Hex/Tloc       12%        N/A       32%         3
 Cause Fear               Hex            6%         N/A       36%         4


Dungeon Overview and Level Annotations

Branches:
Dungeon (4/15)
 Temple: D:4-7

Altars:
Dithmenos
Gozag

Annotations:
D:3 1 runed translucent door, Crazy Yiuf


Innate Abilities, Weirdness & Mutations

You cannot be hasted, slowed, berserked, paralysed or teleported.
You can dig through walls and to a lower floor.
You have a pair of large antennae on your head. (SInv)
Your four strong arms can wield two-handed weapons with a shield.
You have a beak for a mouth.
Your muscles are strong. (Str +2)


Message History

Level annotation: 1 runed translucent door, Crazy Yiuf
There is a stone staircase leading down here.
Aiming: Slow (safe; 3% risk of failure)
Press: ? - help, Q - select action, (/) - cycle Shift-Dir - straight line, f - centaur
Aim: a centaur, wielding a +0 dagger and quivering arrows (chance to affect: 53%)
The centaur resists with significant effort.
The centaur hits you with a +0 dagger.
* * * LOW HITPOINT WARNING * * *
The centaur kicks you.
* * * LOW HITPOINT WARNING * * *
The centaur hits you with a +0 dagger.
* * * LOW HITPOINT WARNING * * *
The centaur misses you. The endoplasm hits you.
* * * LOW HITPOINT WARNING * * *
It was a potion of cancellation.
You feel magically purged. The centaur completely misses you.
The centaur kicks you.
* * * LOW HITPOINT WARNING * * *
The endoplasm barely misses you.
It was a potion of degeneration.
There was something very wrong with that liquid.
You feel weakened.
You feel dopey.
You feel clumsy. The centaur barely misses you.
The centaur kicks you but does no damage.
The centaur hits you with a +0 dagger.
* * * LOW HITPOINT WARNING * * *
The centaur closely misses you. The endoplasm completely misses you.
It was a potion of mutation.
You feel extremely strange.
Your mouth lengthens and hardens into a beak!
You feel stronger. The centaur barely misses you. The centaur kicks you.
* * * LOW HITPOINT WARNING * * *
The endoplasm closely misses you.
Really quaff
N - a potion of curing {!q!d}?
You feel better. The centaur completely misses you. The centaur misses you.
The centaur hits you with a +0 dagger!
* * * LOW HITPOINT WARNING * * *
The centaur kicks you but does no damage.
The endoplasm closely misses you. The centaur hits you with a +0 dagger!
You die...

#.# #......###.#...#.## #.#
##+##.#.#.....(....[ #.#
##...#...###.#)..#.## ######.###
##.....##.....##.##...
.....<...###.......##.#.........#
.###...#.##.........#.....#.#....
.##.......+.......J.)...#.#.#.#..
.###...#.##.....c>..###...###....
.........###....@..## #.#.....###
####.##### ##.....## #.##.#..# #
#.# ##...## #.......# # #.# ##+##
####.#### # #.# #.# #.# # ##.##
#.# #.# # #...#########.## #.# #
#..............## ######.# #
#...#######.....# #......#


You could see a centaur and an endoplasm.

Vanquished Creatures
  An ogre (D:4)
  A water moccasin skeleton (D:4)
  A hound (D:4)
  An orc wizard (D:4)
  A hound skeleton (D:4)
  Robin (D:2)
  4 gnolls
  7 adders
  2 worms (D:2)
  3 dart slugs
  4 orcs
  7 ball pythons
  7 endoplasms
  3 giant cockroaches
  18 goblins
  7 hobgoblins
  8 jackals
  5 quokkas
  7 bats
  6 frilled lizards
  7 kobolds
  8 rats
109 creatures vanquished.

Vanquished Creatures (others)
  A plant (D:2)
1 creature vanquished.

Grand Total: 110 creatures vanquished

Notes
Turn   | Place    | Note
-------+----------+-------------------------------------------
     0 | D:1      | buhh the Formicid Arcane Marksman began the quest for the
                  | Orb.
     0 | D:1      | Reached XP level 1. HP: 15/15 MP: 2/2
   118 | D:1      | You fall into a shaft and drop 1 floor!
   228 | D:1      | Reached XP level 2. HP: 21/21 MP: 3/3
   442 | D:1      | Reached skill level 4 in Hexes
   664 | D:1      | Reached XP level 3. HP: 21/27 MP: 4/4
  1780 | D:2      | Noticed Robin
  1784 | D:2      | Killed Robin
  1785 | D:2      | Reached XP level 4. HP: 32/34 MP: 5/5
  2715 | D:1      | Reached XP level 5. HP: 17/40 MP: 6/6
  3493 | D:2      | Identified a scroll of acquirement
  3518 | D:1      | Acquired the +9 quick blade of Atekupabe {flame, rF+ rC+
                  | Str-2 Dex+6}
  3768 | D:2      | Found an opulent altar of Gozag.
  4019 | D:3      | Reached skill level 5 in Hexes
  4582 | D:3      | Found a faded altar of an unknown god.
  4773 | D:3      | Found a runed translucent door.
  4774 | D:3      | Noticed Crazy Yiuf
  5037 | D:3      | Reached XP level 6. HP: 28/47 MP: 7/7
  5415 | D:4      | Noticed an ogre
  5424 | D:4      | Killed an ogre
  5567 | D:4      | Reached XP level 7. HP: 50/54 MP: 2/8
  5673 | D:4      | Found a shadowy altar of Dithmenos.
  5689 | D:3      | HP: 2/55 [centaur/+0 dagger (3)]
  5690 | D:3      | Gained mutation: You have a beak for a mouth. [potion of
                  | mutation]
  5690 | D:3      | Gained mutation: Your muscles are strong. (Str +2) [potion
                  | of mutation]
  5692 | D:3      | Slain by a centaur

Illustrated notes

Levels and vault maps discovered:
D:1:      dpeg_arrival_rooms_a, layout_basic
D:2:      layout_loops_ring, basic_altar, corexii_shack, grunt_ministairs_7,
          uniq_robin
D:3:      layout_loops_corners, dilly_ecumenical_altar_fadedgnrine,
          minmay_fractal_squares_5, uniq_crazy_yiuf_cottage
D:4:      layout_rooms, nicolae_dithmenos_the_darkroom, minmay_liquid_box

Skill      XL: |  1  2  3  4  5  6 |
---------------+-------------------+-----
Hexes          | 4 5 |  5.0
Fighting       | 2 3 4 |  4.4
Crossbows      | 3 4 |  4.4
Short Blades   | 1 2 |  2.5
Dodging        | |  1.7
Spellcasting   | |  1.1

Action                   |  1- 3 |  4- 6 |  7- 9 || total
-------------------------+-------+-------+-------++-------
Melee: Unarmed           |     2 |       |       ||     2
       Dagger            |    82 |    68 |       ||   150
       Punch             |       |     3 |       ||     3
       Quick blade       |       |   104 |     5 ||   109
 Fire: Hand crossbow     |    70 |    45 |     9 ||   124
 Cast: Slow              |    15 |    40 |     4 ||    59
  Use: Potion            |       |     3 |     6 ||     9
       Scroll            |       |     3 |       ||     3
Armor: Robe              |    25 |    14 |     4 ||    43
Dodge: Dodged            |    83 |    87 |    16 ||   186
